 Dungeon Crawl Stone Soup version 0.20-a0-1122-gb7cbeb9 (webtiles) character file.

30811 JiminyMac the Severer (level 13, -6/123 HPs)
             Began as a Minotaur Berserker on May 13, 2017.
             Was a High Priest of Trog.
             Mangled by a hog (13 damage)
             ... led by Kirke
             ... on level 5 of the Lair of Beasts.
             The game lasted 00:54:35 (18244 turns).

JiminyMac the Severer (Minotaur Berserker)         Turns: 18244, Time: 00:54:35

Health: -6/123     AC:  0    Str: 27    XL:     13   Next: 22%
Magic:  12/12      EV: 14    Int:  4    God:    Trog [*****.]
Gold:   567        SH:  4    Dex: 10    Spells: 12/12 levels left

rFire    . . .     SeeInvis .   (weapon currently unavailable)
rCold    . . .     Gourm    .   (shield currently unavailable)
rNeg     . . .     Faith    .   (armour currently unavailable)
rPois    .         Spirit   .   (helmet currently unavailable)
rElec    .         Reflect  +   (cloak currently unavailable)
rCorr    .         Harm     .   (gloves currently unavailable)
MR       .....                  (boots currently unavailable)
Stlth    +.........             K - +4 amulet of reflection
Regen    0.3/turn               (ring currently unavailable)
MPRegen  0.2/turn               (ring currently unavailable)

@: pig-form, barbed spikes, drained, very quick
A: (retaliatory headbutt)
a: Berserk, Trog's Hand, Brothers in Arms, Burn Spellbooks, Renounce Religion


You were on level 5 of the Lair of Beasts.
You worshipped Trog.
Trog was extremely pleased with you.
You were hungry.
You were a filthy swine.
You visited 2 branches of the dungeon, and saw 17 of its levels.

You collected 940 gold pieces.
You spent 373 gold pieces at shops.

Inventory:

Hand Weapons
 M - a +5 executioner's axe of freezing (melded)
 T - a +0 battleaxe
Missiles
 C - 2 javelins of returning (quivered)
Armour
 d - a +2 pair of boots (melded)
 J - a +0 plate armour (melded)
 R - a +0 pair of gloves (melded)
 S - a +2 hat (melded)
Jewellery
 k - a +3 ring of strength (melded)
 t - an uncursed ring of ice
 u - an uncursed ring of flight
 F - an uncursed ring of positive energy
 K - a +4 amulet of reflection (around neck)
 N - an uncursed amulet of harm
 P - an uncursed ring of resist corrosion
 Y - a ring of see invisible (melded)
Wands
 n - a wand of acid (9/15)
 q - a wand of flame (21/48)
 z - a wand of polymorph (14/24)
 D - a wand of enslavement (16/24)
 H - a wand of acid (10/15)
 V - a wand of acid (2/15)
Scrolls
 b - a scroll of teleportation
 c - a scroll of fear
 e - a scroll of identify
 g - 5 scrolls of remove curse
 j - 3 scrolls of recharging
 l - 2 scrolls of blinking
 m - 3 scrolls of fog
 w - 3 scrolls of magic mapping
 y - a scroll of immolation
 A - a scroll of enchant weapon
 L - 6 scrolls of enchant armour
 Z - a scroll of holy word
Potions
 a - a potion of degeneration {unknown}
 f - 3 potions of flight
 i - 10 potions of curing
 p - 3 potions of berserk rage
 r - 2 potions of might {unknown}
 v - a potion of mutation {unknown}
 x - a potion of magic {unknown}
 B - a potion of haste
 G - a potion of ambrosia {unknown}
 O - 2 potions of invisibility
 U - 2 potions of agility {unknown}
 X - a potion of cancellation {unknown}
Books
 s - a book of Power

   Spells                             Type                      Level
   a - Iskenderun's Battlesphere      Conjuration/Charms           5
   b - Venom Bolt                     Conjuration/Poison           5
   c - Bolt of Magma                  Conjuration/Fire/Earth       5
   d - Iron Shot                      Conjuration/Earth            6
   e - Orb of Destruction             Conjuration                  7
   f - Spellforged Servitor           Conjuration/Summoning        7
   Trog disapproves of the use of such an item.
 E - a book of Battle

   Spells                             Type                      Level
   a - Infusion                       Charms                       1
   b - Shroud of Golubria             Charms/Translocation         2
   c - Song of Slaying                Charms                       2
   d - Spectral Weapon                Hexes/Charms                 3
   e - Regeneration                   Charms/Necromancy            3
   Trog disapproves of the use of such an item.
Comestibles
 h - 16 royal jellies
 o - 6 fruits
 Q - 5 meat rations
 W - 5 bread rations


   Skills:
 + Level 13.6(13.4) Fighting
 * Level 18.0(17.7) Axes
 + Level 13.5(13.2) Armour
 - Level 2.1(2.0) Dodging


You had 12 spell levels left.
You didn't know any spells.

Dungeon Overview and Level Annotations

Branches:
Dungeon (11/15)            Temple (0/1) D:7            Lair (6/6) D:10
  Swamp (0/4) Lair:4        Snake (0/4) Lair:4          Orc (0/2) D:10
  Slime: Lair:5-6

Altars:
Dithmenos
Elyvilon
Fedhas
Hepliaklqana
Makhleb
Nemelex Xobeh
Okawaru
Ru
Sif Muna
Uskayaw
Vehumet
Wu Jian
Zin
The Shining One

Shops:
D:6 *   D:7 *   D:8 !%*[   D:11 *

Annotations:
Lair:3 exclusion: 2 oklob plants
Lair:5 Nessos
Lair:6 Kirke


Innate Abilities, Weirdness & Mutations

((You reflexively headbutt those who attack you in melee.))
((You have a pair of horns on your head.))


Message History

The manticore flicks its tail.
The volley of spikes hits you!
The barbed spikes become lodged in your body.
* * * LOW HITPOINT WARNING * * *
A mysterious force pulls you upwards. The hatch slams shut behind you.
Level annotation: Nessos You feel yourself speed up.
Okay, then.
You hit the hog but do no damage. The hog misses you.
You barely miss the hog. You block the hog's attack.
You closely miss the hog. The hog closely misses you.
You barely miss the hog. The hog barely misses you.
You bite the hog!
The hog is moderately wounded.
The hog barely misses you.
All of the chunks of flesh in your inventory have rotted away.
You barely miss the hog.
The hog is moderately wounded.
The hog bites you!
You die...

.................#
.......<.........#
..................
.................#
#####....P....#..#
###..#.#####.# .
..#### .#
....##### #...
...P...h# ....
......h........
#..P##.P.#.P###
### #..## ## ####


You could see a hog.

Vanquished Creatures
  Gastronok (D:9)
  Josephine (Lair:4)
  A two-headed ogre (D:10)
  2 death yaks (Lair:2)
  An unseen horror (D:10)
  A lindwurm (Lair:6)
  A manticore (D:7)
  An ugly thing (D:11)
  A cyclops (D:11)
  Joseph (D:9)
  A gargoyle (D:10)
  A torpor snail (Lair:2)
  6 spiny frogs
  2 rime drakes
  4 komodo dragons
  A queen bee (Lair:2)
  A tyrant leech (Lair:4)
  A troll (D:11)
  Prince Ribbit (D:7)
  20 blink frogs
  7 hippogriffs
  A wyvern (Lair:3)
  3 wraiths (Lair:4)
  21 yaks
  5 hogs (Lair:6)
  A basilisk (Lair:3)
  Grum (D:8)
  An acid dragon (D:11)
  6 porcupines
  2 hell hounds (D:10)
  5 water moccasins
  4 orc warriors
  A sky beast (D:7)
  2 phantoms
  An eye of draining (D:8)
  2 ogres
  11 wolves
  5 centaurs
  7 crocodiles
  2 big kobolds
  13 bullfrogs
  A gnoll sergeant (D:3)
  3 scorpions
  30 killer bees
  A troll skeleton (D:10)
  2 spriggan skeletons (D:10)
  3 howler monkeys
  4 crimson imps
  A centaur zombie (D:8)
  A bullfrog skeleton (D:9)
  4 hounds
  4 jellies
  5 centaur skeletons
  A bullfrog zombie (D:5)
  6 orc priests
  7 orc wizards
  Terence (D:3)
  3 iguanas
  13 worker ants
  A hound zombie (D:5)
  3 hound skeletons
  Robin (D:3)
  4 gnolls (D:8)
  11 adders
  A howler monkey skeleton (D:7)
  A shadow imp (D:7)
  4 worms
  6 leopard geckos
  39 orcs
  10 giant cockroaches
  18 goblins
  12 hobgoblins
  11 jackals
  5 quokkas
  A ball python (D:5)
  7 bats
  3 frilled lizards
  A giant cockroach zombie (D:5)
  15 kobolds
  A leopard gecko skeleton (D:6)
  A leopard gecko zombie (D:8)
  A quokka skeleton (D:8)
  6 rats
  2 fungi (Lair:2)
  3 plants
408 creatures vanquished.

Vanquished Creatures (collateral kills)
  3 hydras (Lair:3)
  A hippogriff (Lair:3)
  A basilisk (Lair:3)
  A water moccasin (Lair:3)
  A wolf (Lair:3)
  A crocodile (Lair:3)
  A bullfrog (Lair:3)
9 creatures vanquished.

Vanquished Creatures (others)
  8 fungi
  6 plants
14 creatures vanquished.

Grand Total: 431 creatures vanquished

Notes
Turn   | Place    | Note
-------+----------+-------------------------------------------
     0 | D:1      | JiminyMac the Minotaur Berserker began the quest for the Orb.
     0 | D:1      | Reached XP level 1. HP: 19/19 MP: 0/0
   382 | D:1      | Reached XP level 2. HP: 27/27 MP: 1/1
   739 | D:1      | Reached skill level 4 in Axes
  1180 | D:2      | Found a shadowy altar of Dithmenos.
  1653 | D:3      | Reached XP level 3. HP: 12/33 MP: 2/2
  1946 | D:3      | Found a glowing golden altar of the Shining One.
  2031 | D:3      | Reached skill level 5 in Axes
  2031 | D:3      | Reached XP level 4. HP: 25/40 MP: 3/3
  2393 | D:3      | Found a radiant altar of Vehumet.
  2493 | D:3      | Noticed Terence
  2497 | D:3      | Noticed a gnoll sergeant
  2501 | D:3      | Killed Terence
  2515 | D:3      | Killed a gnoll sergeant
  2515 | D:3      | Reached ** piety under Trog
  2515 | D:3      | Reached XP level 5. HP: 16/47 MP: 4/4
  3226 | D:3      | Noticed Robin
  3228 | D:3      | Reached skill level 6 in Axes
  3239 | D:3      | Killed Robin
  3430 | D:4      | Reached skill level 5 in Fighting
  3431 | D:4      | Reached XP level 6. HP: 36/56 MP: 5/5
  3754 | D:4      | Reached *** piety under Trog
  3853 | D:4      | Reached skill level 7 in Axes
  4125 | D:4      | Found a burning altar of Makhleb.
  4239 | D:4      | Found an iron altar of Okawaru.
  4239 | D:4      | Found a blossoming altar of Fedhas.
  4425 | D:5      | Entered Level 5 of the Dungeon
  4455 | D:5      | Found a sparkling altar of Nemelex Xobeh.
  4508 | D:5      | Reached XP level 7. HP: 57/61 MP: 6/6
  4703 | D:5      | Found an ornate altar of the Wu Jian Council.
  4882 | D:5      | Reached skill level 5 in Armour
  5000 | D:5      | Reached skill level 8 in Axes
  5243 | D:6      | Found Limael's General Store.
  5285 | D:6      | Bought a potion of haste for 110 gold pieces
  5285 | D:6      | Bought a potion of curing for 33 gold pieces
  5285 | D:6      | Bought a scroll of identify for 22 gold pieces
  5309 | D:6      | Found a hide-covered altar of Uskayaw.
  5348 | D:6      | Reached XP level 8. HP: 68/71 MP: 7/7
  5381 | D:6      | Noticed a hippogriff
  5395 | D:6      | Killed a hippogriff
  5395 | D:6      | Reached skill level 9 in Axes
  5692 | D:6      | Reached **** piety under Trog
  6168 | D:7      | Found a staircase to the Ecumenical Temple.
  6236 | D:7      | Found Gyro Dac's General Store.
  6244 | D:7      | Bought a potion of heal wounds for 55 gold pieces
  6244 | D:7      | Bought a scroll of recharging for 104 gold pieces
  6305 | D:7      | Reached skill level 10 in Axes
  6489 | D:7      | Noticed a manticore
  6501 | D:7      | Killed a manticore
  6501 | D:7      | Reached XP level 9. HP: 39/81 MP: 8/8
  6817 | D:7      | Found a burning altar of Makhleb.
  6910 | D:7      | Noticed Prince Ribbit
  6927 | D:7      | Killed Prince Ribbit
  6927 | D:7      | Reached skill level 11 in Axes
  7259 | D:7      | Found a hazy altar of Hepliaklqana.
  7332 | D:8      | Found Quwir's Food Emporium.
  7357 | D:8      | Found Suats's Assorted Antiques.
  7429 | D:8      | Found Istuupoxono's Armour Shoppe.
  7452 | D:8      | Found a glowing silver altar of Zin.
  7596 | D:8      | Found a sacrificial altar of Ru.
  7609 | D:8      | Found a white marble altar of Elyvilon.
  7744 | D:8      | Found Fiag Titaun's Distillery.
  7775 | D:8      | Noticed Grum
  7784 | D:8      | Killed Grum
  8079 | D:9      | Reached ***** piety under Trog
  8117 | D:9      | Received a gift from Trog
  8127 | D:9      | Reached skill level 12 in Axes
  8285 | D:9      | Noticed Joseph
  8302 | D:9      | Killed Joseph
  8444 | D:9      | Found a deep blue altar of Sif Muna.
  8490 | D:9      | Found a hide-covered altar of Uskayaw.
  8673 | D:9      | Noticed Gastronok
  8689 | D:9      | Killed Gastronok
  8689 | D:9      | Reached skill level 13 in Axes
  8689 | D:9      | Reached XP level 10. HP: 77/92 MP: 9/9
  8953 | D:10     | Entered Level 10 of the Dungeon
  9046 | D:10     | Found a staircase to the Lair.
  9046 | D:10     | Noticed a gargoyle
  9053 | D:10     | Killed a gargoyle
  9310 | D:10     | Reached skill level 10 in Fighting
  9317 | D:10     | Found a staircase to the Orcish Mines.
  9320 | D:10     | Noticed a two-headed ogre
  9329 | D:10     | Killed a two-headed ogre
  9329 | D:10     | Reached skill level 10 in Armour
  9585 | D:10     | Reached skill level 14 in Axes
 10425 | D:10     | Reached XP level 11. HP: 81/101 MP: 10/10
 10499 | D:10     | Killed an unseen horror
 10874 | D:11     | Received a gift from Trog
 11469 | D:11     | Noticed a green ugly thing
 11478 | D:11     | Killed a green ugly thing
 11478 | D:11     | Reached skill level 15 in Axes
 11896 | D:11     | Found Wasilill's General Store.
 11904 | D:11     | Bought a scroll of magic mapping for 49 gold pieces
 12100 | Lair:1   | Entered Level 1 of the Lair of Beasts
 12897 | Lair:2   | Noticed a death yak
 12899 | Lair:2   | Noticed a death yak
 12904 | Lair:2   | Killed a death yak
 12904 | Lair:2   | Reached skill level 16 in Axes
 12912 | Lair:2   | Killed a death yak
 12912 | Lair:2   | Reached XP level 12. HP: 111/112 MP: 11/11
 13184 | Lair:2   | Received a gift from Trog
 14246 | Lair:3   | Noticed an eight-headed hydra
 14257 | Lair:3   | Killed an eight-headed hydra
 14771 | Lair:3   | Reached skill level 17 in Axes
 15037 | Lair:3   | Noticed a seven-headed hydra
 15052 | Lair:3   | Killed an eight-headed hydra
 16029 | Lair:4   | Noticed a six-headed hydra
 16084 | Lair:3   | Killed a six-headed hydra
 16436 | Lair:4   | Reached XP level 13. HP: 122/122 MP: 12/12
 16683 | Lair:4   | Noticed Josephine
 16692 | Lair:4   | Killed Josephine
 16830 | Lair:4   | Found a staircase to the Snake Pit.
 16986 | Lair:4   | Found a staircase to the Swamp.
 17489 | Lair:5   | Received a gift from Trog
 17666 | Lair:5   | Noticed Nessos
 17680 | Lair:5   | HP: 5/122 [poisoned by Nessos]
 17965 | Lair:6   | Entered Level 6 of the Lair of Beasts
 18214 | Lair:6   | Noticed Kirke
 18217 | Lair:6   | Reached skill level 18 in Axes
 18237 | Lair:6   | HP: 5/123 [manticore/volley of spikes[Kirke] (8)]
 18244 | Lair:5   | Mangled by a hog

Vault maps used:
D:1:      shiori_shiawase, serial_bayou_lake_a
D:2:      nicolae_overflow_crystal_walls
D:3:      kennysheep_goblin_castle, vehumet_crystals, overflow_temple_1_default,
          minmay_vboxes, uniq_terence
D:4:      gammafunk_temple_overflow_wave, first_bread,
          hangedman_abyss_or_decor_jellyfish_corner, bloody_makhleb
D:5:      kennysheep_mini_moat, basic_altar
D:6:      basic_altar, serial_shops, nicolae_shop_crystal
D:7:      nicolae_overflow_hidden_temple, lemuel_coloured_pillars_altar,
          minmay_temple_entry_grid, serial_shops, shop, uniq_prince_ribbit1
D:8:      nicolae_ru_awakened_eye, elyvilon_altar_5, lemuel_round_altar,
          serial_shops, shop, nicolae_shop_crystal, shop_fountains,
          kennysheep_mini, uniq_grum
D:9:      lemuel_crystal_altar, old_standard_altar, kennysheep_boxes,
          uniq_gastronok, uniq_joseph
D:10:     minmay_lair_entry_lava, orc_0_dummy, hangedman_tell_no_tales
D:11:     serial_shops, nicolae_shop_statue_plus
Lair:1:   serial_bayou_pond_e, grunt_megastairs_4
Lair:2:   serial_bayou_lagoon_a
Lair:3:   serial_bayou_shore_b, minmay_lair_oklob_chamber
Lair:4:   minmay_swamp_entry_worms, dummy_snake_entry,
          infiniplex_staircase_pool, grunt_megastairs_2, uniq_josephine
Lair:5:   slime_altar_1, uniq_nessos
Lair:6:   wormcave, serial_bayou_shore_a, uniq_kirke

Skill      XL: |  1  2  3  4  5  6  7  8  9 10 11 12 13 |
---------------+----------------------------------------+-----
Axes           | 4 5 6 7 8 10 13 14 16 17 18 | 18.0
Fighting       | 4 5 6 7 9 10 11 13 | 13.6
Armour         | 3 4 5 7 9 10 11 13 | 13.5
Dodging        | |  2.1

Action                   |  1- 3 |  4- 6 |  7- 9 | 10-12 | 13-15 || total
-------------------------+-------+-------+-------+-------+-------++-------
Melee: Hand axe          |    52 |   179 |   261 |       |       ||   492
       Headbutt          |     4 |    30 |    69 |   106 |    18 ||   227
       War axe           |       |       |    67 |   395 |       ||   462
       Battleaxe         |       |       |       |   107 |    70 ||   177
       Executioner's axe |       |       |       |       |    12 ||    12
       Unarmed           |       |       |       |       |    11 ||    11
Invok: Berserk           |       |     3 |     8 |    10 |     1 ||    22
       Brothers in Arms  |       |       |       |     3 |       ||     3
       Trog's Hand       |       |       |       |     1 |       ||     1
  Use: Scroll            |       |       |     3 |     9 |     9 ||    21
       Potion            |       |       |       |       |     2 ||     2
  Eat: Chunk             |     1 |     9 |    11 |    25 |     6 ||    52
       Bread ration      |     1 |       |     2 |     1 |       ||     4
       Royal jelly       |       |       |       |     3 |       ||     3
Armor: Animal skin       |     5 |       |       |       |       ||     5
       Scale mail        |    13 |    17 |       |       |       ||    30
       Chain mail        |       |    79 |    77 |       |       ||   156
       Plate armour      |       |       |    71 |   392 |    62 ||   525
Dodge: Dodged            |    34 |    75 |   117 |   214 |    46 ||   486
Block: Other             |       |       |       |       |    17 ||    17
